 Dungeon Crawl Stone Soup version 0.22.0-5-gf09313c (webtiles) character file.

19690 Nilihum the Warrior (level 12, -1/112 (114) HPs)
             Began as a Merfolk Berserker on Aug 13, 2018.
             Was a High Priest of Trog.
             Killed from afar by a rime drake (20 damage)
             ... with a flash freeze
             ... on level 3 of the Lair of Beasts.
             The game lasted 00:35:15 (17631 turns).

Nilihum the Warrior (Merfolk Berserker)            Turns: 17631, Time: 00:35:16

HP:   -1/112 (114)  AC: 13    Str: 23    XL:     12   Next: 71%
MP:   19/19         EV:  9    Int:  6    God:    Trog [*****.]
Gold: 239           SH:  0    Dex: 13    Spells: 11/11 levels left

rFire    + . .     SeeInvis .   L - +5 demon trident (vamp) {!w}
rCold    . . .     Gourm    .   (no shield)
rNeg     . . .     Faith    .   r - +1 chain mail
rPois    +         Spirit   .   b - +2 helmet
rElec    .         Reflect  .   s - +2 cloak {MR+}
rCorr    +         Harm     .   i - +0 pair of gloves
MR       +....                  (no boots)
Stlth    ..........             m - amulet of magic regeneration
HPRegen  0.28/turn              l - ring of protection from fire {rF+, !d}
MPRegen  0.41/turn              a - ring of resist corrosion

@: corroded
A: change form in water, swift swim, stealthy swim, rugged brown scales 1,
poison resistance
a: Berserk, Trog's Hand, Brothers in Arms, Renounce Religion


You were on level 3 of the Lair of Beasts.
You worshipped Trog.
Trog was extremely pleased with you.
You were hungry.

You visited 2 branches of the dungeon, and saw 14 of its levels.

You collected 866 gold pieces.
You spent 627 gold pieces at shops.

Inventory:

Hand Weapons
 q - a +2 dagger of chaos
   (You took it off Psyche on level 11 of the Dungeon)
 v - a +2 halberd of freezing
   (You took it off a wight on level 9 of the Dungeon)
 D - a +0 trident of protection
   (You took it off an orc on level 9 of the Dungeon)
 H - a +0 antimagic halberd
   (Trog gifted it to you on level 10 of the Dungeon)
 I - a +1 trident
   (You took it off an orc on level 7 of the Dungeon)
 L - a +5 vampiric demon trident (weapon) {!w}
   (You bought it in a shop on level 4 of the Dungeon)
Missiles
 E - a throwing net {=f, !d}
Armour
 b - a +2 helmet (worn)
   (You found it on level 4 of the Dungeon)
 i - a +0 pair of gloves (worn)
   (You found it on level 1 of the Dungeon)
 r - a +1 chain mail (worn)
   (You found it on level 4 of the Dungeon)
 s - a +2 cloak of magic resistance (worn)
   (You took it off Crazy Yiuf on level 3 of the Dungeon)
 N - a +0 pair of boots
   (You found it on level 1 of the Lair of Beasts)
Jewellery
 a - a ring of resist corrosion (right hand)
   (You took it off a crimson imp on level 7 of the Dungeon)
 h - an uncursed amulet of guardian spirit {Spirit}
   (You found it on level 1 of the Dungeon)
 l - a ring of protection from fire (left hand) {rF+, !d}
   (You found it on level 2 of the Dungeon)
 m - an amulet of magic regeneration (around neck)
   (You found it on level 8 of the Dungeon)
 z - an uncursed ring of wizardry {Wiz+, !d}
   (You found it on level 7 of the Dungeon)
 F - an uncursed ring of protection from fire {rF+, !d}
   (You found it on level 7 of the Dungeon)
 G - a +4 ring of evasion {unknown}
   (You found it on level 2 of the Lair of Beasts)
 K - an uncursed ring of poison resistance {unknown}
   (You found it on level 10 of the Dungeon)
Wands
 o - a wand of clouds (1)
   (You took it off Ijyb on level 4 of the Dungeon)
 p - a wand of flame (59)
   (You took it off an orc on level 3 of the Dungeon)
 y - a wand of scattershot (6)
   (You found it on level 9 of the Dungeon)
 C - a wand of random effects (107)
   (You found it on level 6 of the Dungeon)
 J - a wand of iceblast (7)
   (You took it off Psyche on level 11 of the Dungeon)
Scrolls
 f - 16 scrolls of identify
 k - 7 scrolls of remove curse
 u - a scroll of amnesia
 M - a scroll of enchant armour
 O - a scroll of random uselessness {unknown}
Potions
 d - 3 potions of flight
 e - 2 potions of haste
 g - a potion of degeneration {unknown}
 j - 2 potions of heal wounds
 n - 4 potions of curing
 t - a potion of resistance
 w - 2 potions of brilliance
 A - 3 potions of berserk rage {!q}
Miscellaneous
 x - a sack of spiders
Comestibles
 c - 17 rations
 B - 6 chunks of flesh {@w0}


   Skills:
 + Level 16.1 Fighting
 - Level 14.0 Polearms
 - Level 1.3 Armour
 - Level 2.6 Dodging
 - Level 10.0 Evocations


You had 11 spell levels left.
You didn't know any spells.
Your spell library was empty.

Dungeon Overview and Level Annotations

Branches:
Dungeon (11/15)            Temple (0/1) D:5            Lair (3/6) D:11
  Swamp (0/4) Lair:2       Spider (0/4) Lair:3
    Orc: D:9-12

Altars:
Ashenzari
Cheibriados
Kikubaaqudgha
Qazlal
Sif Muna
Trog
Uskayaw
Vehumet
Wu Jian
Xom

Shops:
D:4 *   D:5 %   D:6 (:   D:9 =   D:11 :

Annotations:
D:3 3 runed doors, biddum's ghost, amateur HOFi
D:7 3 runed doors, p0werm0de's ghost, novice OpWr
Lair:3 exclusion: oklob plant


Innate Abilities, Weirdness & Mutations

You revert to your normal form in water.
You are very nimble and swift while swimming.
You are very stealthy in the water. (Stealth+)
You are partially covered in rugged brown scales. (AC +1, +3% HP)
Your system is resistant to poisons. (rPois)


Message History

Trog accepts your kill.
You regained 5 hp, and now have 95/112 hp.
No target in view!
Found a stone staircase leading up.
A five-headed hydra comes into view.
The five-headed hydra roars!
You see here a ration.
You puncture the five-headed hydra!
You feel better.
You regained 9 hp, and now have 106/112 hp.
Unknown command.
You barely miss the five-headed hydra. The five-headed hydra bites you!
The five-headed hydra bites you but does no damage. x2
The five-headed hydra bites you!
The five-headed hydra closely misses you.
You take 17 damage, and have 89/112 hp.
You impale the five-headed hydra!! You barely miss the five-headed hydra.
The five-headed hydra bites you! x3
The five-headed hydra bites you but does no damage.
The five-headed hydra misses you.
You take 22 damage, and have 67/112 hp.
You hit the five-headed hydra. You puncture the five-headed hydra!
The five-headed hydra bites you but does no damage.
The five-headed hydra bites you!
The five-headed hydra bites you but does no damage.
The five-headed hydra barely misses you.
The five-headed hydra bites you but does no damage.
You take 8 damage, and have 59/112 hp.
You impale the five-headed hydra!! The five-headed hydra bites you! x2
The five-headed hydra barely misses you.
The five-headed hydra bites you but does no damage.
The five-headed hydra bites you!
* * * LOW HITPOINT WARNING * * *
You take 29 damage, and have 30/112 hp.
MASSIVE DAMAGE!!
A red film seems to cover your vision as you go berserk!
You feel yourself moving faster!
You feel mighty!
You are feeling very hungry.
The five-headed hydra bites you but does no damage. x2
The five-headed hydra barely misses you.
The five-headed hydra bites you but does no damage.
The five-headed hydra bites you.
* * * LOW HITPOINT WARNING * * *
You now have 43/168 hp.
You puncture the five-headed hydra!
You feel better.
You regained 4 hp, and now have 47/168 hp.
You puncture the five-headed hydra!
You feel better.
You kill the five-headed hydra!
Trog accepts your kill.
Your Fighting skill increases to level 16!
There isn't anything to butcher here.
Unknown command.
You start resting.
Eating one of 7 chunks of flesh {@w0}.
You eat one of the 7 chunks of flesh {@w0}.
You feel a strong urge to attack something.
You start resting.
You feel your anger nearly subside.
You start resting.
You are no longer berserk.
You are exhausted.
You feel yourself slow down.
You now have 33/112 hp.
You start resting.
You feel yourself speed up.
You regained 13 hp, and now have 46/112 hp.
Unknown command.
You start resting.
You recover from your berserk rage.
You regained 4 hp, and now have 50/112 hp.
c - 17 rations (gained 1)
An oklob plant comes into view.
The oklob plant spits acid at you. The splash of acid hits you! You resist.
You are splashed with acid!
The acid burns!
You resist.
You take 5 damage, and have 46/112 hp.
A rime drake comes into view.
The oklob plant spits acid at you. The splash of acid hits you! You resist.
The acid corrodes you!
You are splashed with acid!
The acid burns!
You resist. The rime drake breathes ice at you. The flash freeze hits you!
* * * LOW HITPOINT WARNING * * *
You are encased in ice.
You take 20 damage, and have 26/112 hp.
Okay, then.
The oklob plant spits acid at you. The splash of acid hits you! You resist.
* * * LOW HITPOINT WARNING * * *
The acid corrodes you!
You are splashed with acid!
The acid burns!
You resist.
* * * LOW HITPOINT WARNING * * *
You take 8 damage, and have 18/112 hp.
A water moccasin comes into view.
Your two-headed ogre goes berserk!
You are feeling hungry.
The water moccasin hisses angrily.
Unknown command.
The ice encasing you melts away. The rime drake breathes ice at you.
The flash freeze hits you!
You die...

#.P. .. #..##. #.....##
#♣.<...### #..$#k$..####
#...........###
#...#........#.# .
##......O..## .
##.......@...##.......
......##..##.................
......#.†##.........##.......
............#......## .......
.♣......#..###....## .......
.#.....P#..###...S####.......
...........#.......##........
........####.......#.........
#...#..###.........###......


You could see a rime drake, a water moccasin and a friendly two-headed ogre
(berserk).

Vanquished Creatures
  2 hydras
  An unseen horror (D:11)
  A cyclops (D:11)
  A black mamba (Lair:1)
  3 elephants (Lair:3)
  A gargoyle (D:9)
  Psyche (D:11)
  6 spiny frogs
  3 trolls
  10 blink frogs (Lair:2)
  A hornet (D:8)
  6 dream sheep (Lair:1)
  4 hippogriffs
  A spriggan (D:7)
  18 yaks
  2 hungry ghosts (D:11)
  A steam dragon (D:10)
  An acid dragon (D:9)
  2 water moccasins
  3 insubstantial wisps (Lair:2)
  5 porcupines
  Duvessa (D:5)
  5 orc warriors
  3 ogres
  3 necrophages
  2 phantoms
  4 crocodiles
  10 bullfrogs
  5 scorpions
  Dowan (D:5)
  12 killer bees
  A howler monkey (D:4)
  14 wights
  5 crimson imps
  6 jellies
  3 orc priests
  Crazy Yiuf (D:3)
  3 hounds
  An orc wizard (D:4)
  2 bullfrog skeletons
  Terence (D:3)
  Ijyb (D:4)
  5 iguanas
  5 worker ants
  2 hound skeletons
  A howler monkey skeleton (D:4)
  6 adders
  4 shadow imps
  9 oozes
  3 adder skeletons
  4 worms
  A dart slug (D:1)
  5 leopard geckos
  45 orcs
  6 giant cockroaches
  7 goblins
  6 hobgoblins
  31 jackals
  7 quokkas
  A ball python (D:1)
  6 bats
  7 frilled lizards
  12 kobolds
  A quokka skeleton (D:7)
  13 rats
  A fungus (Lair:2)
345 creatures vanquished.

Vanquished Creatures (others)
  4 fungi
  10 toadstools (D:2)
14 creatures vanquished.

Grand Total: 359 creatures vanquished

Notes
Turn   | Place    | Note
-------+----------+-------------------------------------------
     0 | D:1      | Nilihum the Merfolk Berserker began the quest for the Orb.
     0 | D:1      | Reached XP level 1. HP: 18/18 MP: 1/1
    94 | D:1      | Reached XP level 2. HP: 12/24 MP: 2/2
    96 | D:1      | HP: 9/36 [jackal (3)]
    98 | D:1      | Reached skill level 5 in Polearms
  1138 | D:2      | Reached XP level 3. HP: 26/30 MP: 3/3
  1438 | D:2      | Reached skill level 6 in Polearms
  1820 | D:2      | Reached ** piety under Trog
  1913 | D:2      | Reached skill level 4 in Fighting
  2025 | D:2      | Reached XP level 4. HP: 29/37 MP: 4/4
  2175 | D:2      | Reached skill level 7 in Polearms
  2178 | D:2      | Reached XP level 5. HP: 43/43 MP: 3/5
  2602 | D:3      | Reached skill level 8 in Polearms
  2811 | D:3      | HP: 11/64 [acid (7)]
  2812 | D:3      | Reached XP level 6. HP: 13/50 MP: 0/6
  2865 | D:3      | Found a runed gate.
  2865 | D:3      | Found a runed gate.
  2865 | D:3      | Found a runed gate.
  2872 | D:3      | Noticed biddum's ghost (amateur HOFi)
  3105 | D:3      | Noticed Terence
  3113 | D:3      | Killed Terence
  3113 | D:3      | Reached skill level 5 in Fighting
  3209 | D:3      | Reached *** piety under Trog
  3514 | D:3      | Found a runed door.
  3698 | D:3      | Noticed Crazy Yiuf
  3703 | D:3      | Killed Crazy Yiuf
  3763 | D:4      | Reached skill level 9 in Polearms
  3969 | D:4      | Reached XP level 7. HP: 56/56 MP: 4/7
  4040 | D:4      | Noticed Ijyb
  4084 | D:4      | Killed Ijyb
  4481 | D:4      | Found Driofi's Desiderata Depot.
  4565 | D:5      | Entered Level 5 of the Dungeon
  4705 | D:5      | Reached skill level 10 in Polearms
  5111 | D:5      | Found Tauf's Food Shoppe.
  5155 | D:5      | Found a staircase to the Ecumenical Temple.
  5316 | D:5      | Reached skill level 6 in Fighting
  5354 | D:5      | Received a gift from Trog
  5387 | D:5      | Noticed Dowan
  5387 | D:5      | Noticed Duvessa
  5429 | D:5      | Killed Dowan
  5657 | D:4      | HP: 14/58 [poisoned by an orc wizard]
  5664 | D:4      | HP: 14/58 [poisoned by an orc wizard]
  5984 | D:5      | Reached skill level 11 in Polearms
  5984 | D:5      | Reached XP level 8. HP: 54/65 MP: 3/8
  6179 | D:5      | Killed Duvessa
  7036 | D:6      | Found Edatom's Book Shoppe.
  7130 | D:6      | Reached skill level 7 in Fighting
  7130 | D:6      | Reached skill level 12 in Polearms
  7258 | D:6      | Reached **** piety under Trog
  7306 | D:6      | Found a shimmering altar of Xom.
  7748 | D:6      | Found Neorop's Weapon Shoppe.
  8040 | D:6      | Reached skill level 1 in Evocations
  8268 | D:7      | Found a runed gate.
  8268 | D:7      | Found a runed gate.
  8268 | D:7      | Found a runed gate.
  8415 | D:7      | Found a deep blue altar of Sif Muna.
  8415 | D:7      | Found a bloodstained altar of Trog.
  8489 | D:7      | Reached skill level 8 in Fighting
  8489 | D:7      | Reached skill level 2 in Evocations
  8746 | D:7      | Reached XP level 9. HP: 64/75 MP: 6/11
  8825 | D:7      | Reached skill level 3 in Evocations
  9201 | D:7      | Found a shattered altar of Ashenzari.
  9494 | D:7      | Noticed p0werm0de's ghost (novice OpWr)
  9912 | D:7      | Reached skill level 9 in Fighting
  9912 | D:7      | Reached skill level 4 in Evocations
 10119 | D:8      | Found a snail-covered altar of Cheibriados.
 10354 | D:6      | Gained mutation: Your system is resistant to poisons. (rPois) [potion of mutation]
 10354 | D:6      | Gained mutation: You are partially covered in rugged brown scales. (AC +1, +3% HP) [potion of mutation]
 10496 | D:7      | Reached skill level 5 in Evocations
 10707 | D:8      | Found a hide-covered altar of Uskayaw.
 10736 | D:8      | Reached skill level 10 in Fighting
 10941 | D:8      | Noticed a hornet
 10945 | D:8      | Killed a hornet
 10945 | D:8      | Reached skill level 11 in Fighting
 10945 | D:8      | Reached XP level 10. HP: 90/90 MP: 13/13
 10995 | D:8      | Reached ***** piety under Trog
 11195 | D:8      | Found an ancient bone altar of Kikubaaqudgha.
 11664 | D:9      | Found Doseeteh's Jewellery Shoppe.
 11682 | D:9      | Found a stormy altar of Qazlal.
 11760 | D:9      | Noticed a gargoyle
 11776 | D:9      | Killed a gargoyle
 11913 | D:9      | Reached skill level 12 in Fighting
 11942 | D:9      | Reached skill level 13 in Polearms
 12279 | D:9      | Found an ornate altar of the Wu Jian Council.
 12282 | D:9      | Found a radiant altar of Vehumet.
 12948 | D:10     | Entered Level 10 of the Dungeon
 13061 | D:10     | Received a gift from Trog
 13192 | D:10     | Reached skill level 14 in Polearms
 13351 | D:10     | Reached XP level 11. HP: 96/97 MP: 5/15
 13686 | D:11     | Reached skill level 13 in Fighting
 13726 | D:11     | Found Quack's Book Boutique.
 14036 | D:4      | Bought a +2 vampiric demon trident for 627 gold pieces
 14380 | D:11     | Reached skill level 6 in Evocations
 14440 | D:11     | Noticed a cyclops
 14442 | D:11     | HP: 13/98 [cyclops/large rock (40)]
 14560 | D:11     | Found a staircase to the Lair.
 14583 | D:11     | Killed an unseen horror
 14788 | D:11     | Noticed Psyche
 14795 | D:11     | Killed Psyche
 15072 | D:11     | Reached skill level 7 in Evocations
 15100 | D:11     | Killed a cyclops
 15166 | Lair:1   | Entered Level 1 of the Lair of Beasts
 15311 | Lair:1   | Reached skill level 14 in Fighting
 15317 | Lair:1   | Reached skill level 8 in Evocations
 15922 | Lair:1   | Found a dark tunnel.
 16026 | Lair:2   | Found a staircase to the Swamp.
 16402 | Lair:2   | Noticed an eight-headed hydra
 16419 | Lair:2   | Killed an eight-headed hydra
 16419 | Lair:2   | Reached skill level 9 in Evocations
 16419 | Lair:2   | Reached XP level 12. HP: 85/109 MP: 18/18
 16758 | Lair:2   | Reached skill level 15 in Fighting
 17034 | Lair:2   | Reached skill level 10 in Evocations
 17448 | Lair:3   | Found a hole to the Spider Nest.
 17557 | Lair:3   | Noticed a five-headed hydra
 17567 | Lair:3   | Killed a five-headed hydra
 17567 | Lair:3   | Reached skill level 16 in Fighting
 17627 | Lair:3   | HP: 26/112 [rime drake/flash freeze (11)]
 17631 | Lair:3   | Killed from afar by a rime drake

Skill      XL: |  1  2  3  4  5  6  7  8  9 10 11 12 |
---------------+-------------------------------------+-----
Polearms       | 5 6 7 8 9 11 12 14 | 14.0
Fighting       | 4 5 6 8 11 12 14 16 | 16.1
Evocations     | 2 5 9 10 | 10.0
Armour         | |  1.3
Dodging        | |  2.6

Action                   |  1- 3 |  4- 6 |  7- 9 | 10-12 || total
-------------------------+-------+-------+-------+-------++-------
Melee: Spear             |   188 |   244 |   437 |       ||   869
       Tailslap          |       |       |     4 |       ||     4
       Trident           |       |       |   152 |   248 ||   400
       Halberd           |       |       |       |    93 ||    93
       Demon trident     |       |       |       |   330 ||   330
Throw: Javelin           |       |       |    67 |    12 ||    79
Invok: Berserk           |     1 |     6 |    15 |     3 ||    25
       Trog's Hand       |       |       |       |     1 ||     1
       Brothers in Arms  |       |       |       |     1 ||     1
Evoke: Wand              |       |       |     8 |     9 ||    17
  Use: Scroll            |       |     3 |     8 |     6 ||    17
       Potion            |       |       |     7 |       ||     7
 Stab: Sleeping          |     1 |       |       |       ||     1
       Confused          |       |       |     1 |       ||     1
  Eat: Chunk             |     4 |    11 |    28 |    25 ||    68
       Ration            |       |       |     2 |     3 ||     5
Armor: Animal skin       |    26 |    10 |       |       ||    36
       Ring mail         |       |    30 |     3 |       ||    33
       Chain mail        |       |       |   204 |   241 ||   445
       Scale mail        |       |       |     2 |       ||     2
Dodge: Dodged            |    81 |    96 |   147 |   161 ||   485

Vault maps used:
D:1:      dpeg_arrival_long_road, minmay_misc_feat_nine_boxes
D:2:      cheibrodos_fertilizer
D:3:      ebering_ghost_rock_garden, grunt_ministairs_5, minmay_crystal_water,
          uniq_crazy_yiuf_cottage, uniq_terence
D:4:      serial_bayou_lagoon_a, minivault_25, grunt_ministairs_13,
          nicolae_alphabet_shops, uniq_ijyb
D:5:      minmay_temple_entry_statues_fountains, serial_shops,
          nicolae_shop_trees, first_ration, uniq_duvessa
D:6:      xom_butterflies, serial_shops,
          nicolae_shop_temple_entry_statues_fountains, shop
D:7:      grunt_temple_overflow_open, gammafunk_ghost_icy, the_bakery
D:8:      lemuel_crystal_altar, kiku_gazebo_garden_becter, kennysheep_mini
D:9:      chequers_temple_overflow_statue_of_worship,
          nicolae_qazlal_style_of_elements, serial_shops, shop
D:11:     grunt_lair_entry_orc_guard_hut, serial_shops, shop,
          hangedman_glass_teeth, uniq_psyche
Lair:1:   enter_volcano_4, lemuel_fruit_fields
Lair:2:   minmay_swamp_entry_wisps
Lair:3:   spider_nest_entry_web_field, grunt_megastairs_5

Table legend:
 A = Turns spent in this place as a percentage of turns spent in the entire game.
 B = Non-inter-level travel turns spent in this place as a percentage of non-inter-level travel turns spent in the entire game.
 C = Inter-level travel turns spent in this place as a percentage of turns spent in this place.
 D = Turns resting spent in this place as a percentage of non-inter-level travel turns spent in this place.
 E = Turns spent auto-exploring this place as a percentage of non-inter-level travel turns spent in this place.
 F = Non-inter-level travel turns spent in this place divided by the number of levels of this place that you've seen.
                   A       B       C       D       E      F
               +-------+-------+-------+-------+-------+----------------------
         Total | 100.0 | 100.0 |   5.0 |  33.3 |  45.2 | 1196.7
       Dungeon |  86.0 |  85.6 |   5.4 |  34.3 |  44.6 | 1304.1
          Lair |  14.0 |  14.4 |   2.3 |  27.3 |  48.5 | 803.0
               +-------+-------+-------+-------+-------+----------------------

Table legend:
 A = Kills in this place as a percentage of kills in entire the game.
 B = Kills by you in this place as a percentage of kills by you in the entire game.
 C = Kills by friends in this place as a percentage of kills by friends in the entire game.
 D = Other kills in this place as a percentage of other kills in the entire game.
 E = Experience gained in this place as a percentage of experience gained in the entire game.
 F = Experience gained in this place divided by the number of levels of this place that you have seen.
                   A       B       C       D       E      F
               +-------+-------+-------+-------+-------+----------------------
         Total | 100.0 | 100.0 |   N/A | 100.0 | 100.0 | 2009.2
       Dungeon |  83.7 |  83.7 |   N/A | 100.0 |  47.2 | 1207.8
          Lair |  16.3 |  16.3 |   N/A |   0.0 |  52.8 | 4947.7
               +-------+-------+-------+-------+-------+----------------------
